 Dungeon Crawl Stone Soup version 0.25-a0-339-gb37b713d4c (webtiles) character file.

Game seed: 3148320343427034599, levelgen mode: deterministic

26 Error4North the Skirmisher (level 3, -4/33 HPs)
             Began as a Hill Orc Fighter on Dec 28, 2019.
             Slain by Sigmund
             ... wielding a +0 scythe
              (14 damage)
             ... on level 3 of the Dungeon.
             The game lasted 00:04:31 (1079 turns).

Error4North the Skirmisher (Hill Orc Fighter)       Turns: 1079, Time: 00:04:31

Health: -4/33      AC: 12    Str: 24    XL:     3   Next: 8%
Magic:  3/3        EV: 17    Int:  8    God:
Gold:   79         SH:  0    Dex: 10    Spells: 2/2 levels left

rFire    . . .     SeeInvis .   (weapon currently unavailable)
rCold    . . .     Gourm    .   (shield currently unavailable)
rNeg     + + +     Faith    .   (armour currently unavailable)
rPois    +         Spirit   .   (helmet currently unavailable)
rElec    .         Reflect  .   (cloak currently unavailable)
rCorr    .         Harm     .   (gloves currently unavailable)
MR       .....                  (boots currently unavailable)
Stlth    +.........             (no amulet)
HPRegen  0.11/turn              (no ring)
MPRegen  0.08/turn              (no ring)

@: mighty, fungus-form (expiring)
A: tiny
a: no special abilities


You were on level 3 of the Dungeon.
You were hungry.
You were a sentient fungus.
You visited 1 branch of the dungeon, and saw 3 of its levels.

You collected 79 gold pieces.

Inventory:

Hand Weapons
 a - a +0 war axe
 k - a +6 whip (melded)
Missiles
 l - 34 stones (quivered)
Armour
 b - a +0 scale mail (melded)
 c - a +0 shield (melded)
Jewellery
 j - an uncursed ring of resist corrosion {unknown}
 t - a +2 ring of protection {unknown}
Scrolls
 e - a scroll of remove curse {unknown}
 g - a scroll of enchant armour {unknown}
 i - a scroll of enchant weapon {unknown}
 m - a scroll of noise {unknown}
 n - a scroll of identify {unknown}
 p - a scroll of teleportation {unknown}
 s - a scroll of random uselessness {unknown}
Potions
 d - a potion of might
 h - a potion of agility {unknown}
 o - a potion of lignification {unknown}
 r - a potion of curing
Comestibles
 f - a ration
 q - 2 chunks of flesh


   Skills:
 + Level 3.9 Fighting
 + Level 3.4 Axes
 * Level 3.5 Armour
 * Level 3.7 Shields
 * Level 0.1 Spellcasting


You had 2 spell levels left.
You didn't know any spells.
Your spell library was empty.

Dungeon Overview and Level Annotations

Branches:
Dungeon (2/15)

Altars:
Gozag

Annotations:
D:3 Grinder, Ijyb, Sigmund


Message History

Grinder appears confused.
Sigmund hits you from afar with a +0 scythe.
Grinder barely misses you.
Ijyb drinks a potion.
Ijyb is healed!
Ijyb seems less confused.
You release spores at Ijyb but do no damage.
Ijyb is moderately wounded.
Grinder barely misses you.
Sigmund mumbles some strange words.
Sigmund flickers and vanishes!
Deactivating autopickup; reactivate with Ctrl-A.
Ijyb zaps a wand.
You release spores at Ijyb but do no damage.
Ijyb appears confused.
Ijyb is moderately wounded.
Something hits you! Ijyb closely misses you.
You feel very mighty all of a sudden. Something hits you.
Grinder hits Ijyb.
Ijyb writhes in agony.
You release spores at something!
Ijyb hits you but does no damage. Something hits you!
You die...

##.## ###...######
#..._......# # #..........#
### #. #..........# ...#
...######..........####.#..
.........#5#.....###.......
.............###..........(
.........{fg.........###...
#.......######...#.## .
..........# #..###..#
............#..# ##..#
..............# #...
...>.........## ....
............... ....
##....###.#.... .....
......


You could see Grinder (confused) and Ijyb (confused).

Vanquished Creatures
  A worm (D:3)
  A ball python (D:1)
  3 goblins (D:1)
  5 hobgoblins
  2 kobolds (D:1)
  4 bats
  2 frilled lizards
  4 rats (D:1)
22 creatures vanquished.

Notes
Turn   | Place    | Note
-------+----------+-------------------------------------------
     0 | D:1      | Error4North the Hill Orc Fighter began the quest for the
                  | Orb.
     0 | D:1      | Reached XP level 1. HP: 19/19 MP: 1/1
   262 | D:1      | Reached XP level 2. HP: 27/27 MP: 2/2
   918 | D:2      | Upgraded the game from 0.25-a0-322-g3677130cb1 to
                  | 0.25-a0-339-gb37b713d4c
  1013 | D:2      | You fall into a shaft and drop 1 floor!
  1016 | D:3      | Found an opulent altar of Gozag.
  1044 | D:3      | Reached XP level 3. HP: 28/33 MP: 3/3
  1057 | D:3      | Noticed Ijyb
  1058 | D:3      | Noticed Sigmund
  1062 | D:3      | Noticed Grinder
  1079 | D:3      | Slain by Sigmund

Levels and vault maps discovered:
D:1:      giann_wishing_wells, layout_basic
D:2:      layout_loops_ring, grunt_dithmenos_smoke, lemuel_round_altar,
          lemuel_crystal_altar, first_ration, uniq_crazy_yiuf_cottage
D:3:      layout_rooms, nicolae_gozag_seed_capital, uniq_sigmund, uniq_ijyb,
          uniq_terence, uniq_grinder

Skill      XL: |  1 |
---------------+----+-----
Axes           | 3 |  3.4
Fighting       | |  3.9
Armour         | |  3.5
Shields        | |  3.7
Spellcasting   | |  0.1

Action                   || total
-------------------------++-------
Melee: War axe           ||    61
       Whip              ||    24
       Unarmed           ||     8
Throw: Stone             ||     8
  Use: Potion            ||     1
Armor: Scale mail        ||    33
       Skin              ||     4
Dodge: Dodged            ||    34
Block: Shield            ||    35

Table legend:
 A = Non-vault XP
 B = Vault XP
 C = Vault XP percentage of total XP
 D = Non-vault monster count
 E = Vault monster count
 F = Vault count percentage of total count
                 A         B        C        D         E       F
            +---------+---------+-------+---------+---------+-------
      Total |      38 |       0 |   0.0 |      22 |       0 |   0.0
            +---------+---------+-------+---------+---------+-------
        D:1 |      28 |       0 |   0.0 |      18 |       0 |   0.0
        D:2 |       5 |       0 |   0.0 |       3 |       0 |   0.0
        D:3 |       5 |       0 |   0.0 |       1 |       0 |   0.0
            +---------+---------+-------+---------+---------+-------
